 Dungeon Crawl Stone Soup version 0.31.0-12-g77e489cdc1 (webtiles) character file.

Game seed: 2190813201958338949

674 Doomgape the Trooper (level 7, 0/46 HPs)
             Began as a Gargoyle Fighter on Feb 24, 2024.
             Was an Initiate of Hepliaklqana.
             Slain by a water moccasin (6 damage)
             ... in the Ecumenical Temple.
             The game lasted 00:07:58 (2803 turns).

Doomgape the Trooper (Gargoyle Fighter)             Turns: 2803, Time: 00:07:59

Health: 0/46       AC: 15    Str: 21    XL:     7   Next: 59%
Magic:  7/7        EV:  8    Int:  9    God:    Hepliaklqana [......]
Gold:   150        SH:  0    Dex:  9    Spells: 6/6 levels left

rFire   . . .        a - +0 flail
rCold   . . .        c - +0 buckler
rNeg    + . .        k - +1 chain mail
rPois   ∞            (no helmet)
rElec   +            (no cloak)
rCorr   .            (no gloves)
SInv    .            (no boots)
Will    .....        (no amulet) Stlth
                     (no ring)
HPRegen 0.27/turn    (no ring)
MPRegen 0.10/turn

%: no passive effects
@: confused, ambrosia-drunk
A: sickness immunity, AC +4, negative energy resistance 1, electricity
resistance, torment resistance 1, petrification resistance
a: Renounce Religion


You were in the Ecumenical Temple.
You worshipped Hepliaklqana.
Hepliaklqana was noncommittal.
You visited 2 branches of the dungeon, and saw 5 of its levels.
You also visited: Sewer.

You collected 150 gold pieces.

Inventory:

Hand Weapons
 a - a +0 flail (weapon)
Armour
 c - a +0 buckler (worn)
 k - a +1 chain mail (worn)
Wands
 d - a wand of digging (3)
Scrolls
 b - a scroll of identify
 e - a scroll of poison
 h - a scroll of blinking
 n - a scroll of amnesia {unknown}
 o - a scroll of noise {unknown}
Potions
 f - 3 potions of attraction
 i - a potion of mutation
 j - a potion of enlightenment {unknown}
 l - a potion of curing {unknown}
 m - a potion of heal wounds {unknown}


   Skills:
 + Level 6.1 Fighting
 + Level 4.9 Maces & Flails
 + Level 6.0 Armour
 - Level 3.2 Shields


You had 6 spell levels left.
You didn't know any spells.
Your spell library contained the following spells:

 Spells                   Type           Power      Damage    Failure   Level
 Ensorcelled Hibernation  Hex/Ice        0%         N/A       99%         2
 Fugue of the Fallen      Necr           0%         N/A       100%        3
 Anguish                  Hex/Necr       0%         N/A       100%        4
 Vhi's Electric Charge    Tloc/Air       0%         N/A       100%        4
 Arcjolt                  Conj/Air       0%         1d10      100%        5
 Maxwell's Capacitive Co  Air            0%         ∞         100%        8


Dungeon Overview and Level Annotations

Branches:
Dungeon (6/15)             Temple (1/1) D:6           Sewer (visited)

Altars:
Ashenzari
Cheibriados
Dithmenos
Elyvilon
Fedhas
Gozag
Hepliaklqana
Nemelex Xobeh
Okawaru
Qazlal
Ru
Sif Muna
Trog
Wu Jian
Xom
Zin
The Shining One

Shops:
D:1 [


Innate Abilities, Weirdness & Mutations

You are immune to sickness and miasma.
Your stone body is resilient. (AC +4)
You are immune to poison.
You resist negative energy. (rN+)
You are resistant to electric shocks. (rElec)
You are resistant to unholy torment.
You are immune to petrification.


Message History

The water moccasin closely misses you.
You barely miss the water moccasin.
The water moccasin is severely wounded.
The water moccasin bites you but does no damage.
The iguana bites you but does no damage.
The water moccasin bites you but does no damage.
You closely miss the water moccasin.
The water moccasin is severely wounded.
The iguana barely misses you. The water moccasin bites you.
The iguana bites you!
You closely miss the water moccasin.
The water moccasin is severely wounded.
The water moccasin bites you. The water moccasin misses you.
You block the iguana's attack.
You barely miss the water moccasin.
The water moccasin is severely wounded.
The water moccasin bites you but does no damage.
The iguana bites you!
* * * LOW HITPOINT WARNING * * *
The water moccasin bites you but does no damage.
Unknown command.
You hit the water moccasin.
The water moccasin is severely wounded.
The water moccasin bites you but does no damage.
The iguana bites you but does no damage.
You closely miss the water moccasin.
The water moccasin is severely wounded.
The water moccasin bites you but does no damage.
The iguana barely misses you. The water moccasin bites you.
* * * LOW HITPOINT WARNING * * *
The iguana bites you but does no damage.
Unknown command.
It was a potion of ambrosia.
You are confused.
You feel invigorated.
The water moccasin bites you but does no damage.
The iguana bites you.
* * * LOW HITPOINT WARNING * * *
The water moccasin bites you.
You die...

♣~~~~..♣..~.~§..~♣.~~.....~≈~~♣♣
♣♣♣~........~....§...~...~.≈≈~♣
♣♣♣.._...§......._........~≈~~♣
♣♣≈≈.~.........♣..~~...♣♣..~~~♣♣
♣≈≈≈~..~~.......♣♣....♣♣♣.~~~♣♣
♣≈≈≈~..~~~~~~._.♣♣.....♣~.~~~♣
♣≈≈≈~~~~~~~~....~~§..§.....~~♣♣
♣≈≈≈≈≈...~§..~.l[........♣~~~~♣
♣♣♣≈≈≈~.....§.~.@.~..♣......~~♣♣
♣♣≈≈≈..♣..§..S...♣♣.....♣..~~♣
♣♣≈≈~.......♣♣~.....~_§....~♣♣
♣♣≈~...~....♣.._.....§....~~♣
♣♣...♣..._.♣.......♣..._..~♣
♣♣.~.♣......♣♣....§.......~♣
♣♣~♣.......~..♣..._...♣♣...~♣
♣♣♣~..♣.._.~~~.........♣.♣..~≈≈
♣♣≈≈....♣.~.~~~..♣....♣♣.....≈≈≈


You could see a water moccasin and an iguana.

Vanquished Creatures
  A black bear (D:6)
  A centaur (D:6)
  2 bullfrogs
  A jelly (D:6)
  2 bombardier beetles (D:6)
  An orc priest (D:6)
  A hound (D:6)
  An orc wizard (Temple)
  10 adders
  12 dart slugs
  4 ribbon worms
  2 orcs (Temple)
  4 ball pythons
  4 endoplasms
  16 giant cockroaches
  3 goblins
  A hobgoblin (D:2)
  3 jackals (D:2)
  5 kobolds
  3 quokkas
  3 bats
  10 frilled lizards
  9 rats
99 creatures vanquished.

Notes
Turn   | Place    | Note
-------+----------+-------------------------------------------
     0 | D:1      | Doomgape the Gargoyle Fighter began the quest for the Orb.
     0 | D:1      | Reached XP level 1. HP: 14/14 MP: 1/1
    45 | D:1      | Reached XP level 2. HP: 14/19 MP: 2/2
   285 | D:1      | Found Gaabess's Armour Boutique.
   619 | D:1      | Reached XP level 3. HP: 24/24 MP: 3/3
  1024 | D:2      | Reached XP level 4. HP: 28/29 MP: 4/4
  1588 | D:3      | Found a glowing drain.
  1609 | Sewer    | Entered a sewer
  1662 | Sewer    | Reached XP level 5. HP: 29/34 MP: 5/5
  1965 | Sewer    | Reached skill level 5 in Fighting
  1965 | Sewer    | Reached skill level 5 in Armour
  1965 | Sewer    | Reached XP level 6. HP: 20/40 MP: 6/6
  2053 | Sewer    | Identified the +1 shortbow "Sefuh" {drain, rC+}
  2108 | D:3      | Found a sparkling altar of Nemelex Xobeh.
  2118 | D:3      | You fall into a shaft and drop 3 floors!
  2164 | D:6      | Noticed a black bear
  2171 | D:6      | Noticed a water moccasin
  2189 | D:6      | Killed a black bear
  2190 | D:6      | Reached XP level 7. HP: 19/45 MP: 7/7
  2408 | D:6      | Found a staircase to the Ecumenical Temple.
  2421 | Temple   | Entered the Ecumenical Temple
  2489 | Temple   | Became a worshipper of Hepliaklqana the Forgotten
  2803 | Temple   | Slain by a water moccasin

Illustrated notes

Levels and vault maps discovered:
D:1:      dpeg_arrival_arbitrary_c, layout_loops_cross, serial_shops, shop
D:2:      layout_loops_ring
D:3:      layout_loops_ring, grunt_temple_overflow_open,
          ebering_ecumenical_altar_webs, cheibrodos_sewer_entry_drain
D:6:      layout_rooms, minmay_temple_entry_offerings
Temple:   nicolae_temple_bog_church

Skill      XL: |  1  2  3  4  5  6  7 |
---------------+----------------------+-----
Fighting       | 4 5 6 |  6.1
Armour         | 4 5 6 |  6.0
Maces & Flails | 3 4 |  4.9
Shields        | |  3.2

Action                     |  1- 3 |  4- 6 |  7- 9 || total
---------------------------+-------+-------+-------++-------
  Melee: Flail             |   144 |   237 |    58 ||   439
    Use: Scroll            |       |     2 |     3 ||     5
         Potion            |       |     2 |     1 ||     3
 Armour: Scale mail        |    52 |       |       ||    52
         Chain mail        |    42 |   277 |    91 ||   410
  Dodge: Dodged            |    58 |   145 |    29 ||   232
  Block: Buckler           |    31 |    56 |    14 ||   101
